 Dungeon Crawl Stone Soup version 0.22.1-2-g9c5b331 (webtiles) character file.

8301 Goblin1989 the Nimble (level 11, -7/85 HPs)
             Began as a Gnoll Gladiator on Dec 10, 2018.
             Was an Elder of Cheibriados.
             Mangled by an orc warrior
             ... wielding a +0 spear
              (16 damage)
             ... in a bailey on Dec 11, 2018.
             The game lasted 00:37:32 (10360 turns).

Goblin1989 the Nimble (Gnoll Gladiator)            Turns: 10360, Time: 00:37:33

Health: -7/85      AC: 10    Str: 26    XL:     11   Next: 28%
Magic:  25/31      EV: 19    Int: 23    God:    Cheibriados [****..]
Gold:   391        SH:  7    Dex: 25    Spells: 9/22 levels left

rFire    + . .     SeeInvis .   a - +0 war axe
rCold    + . .     Gourm    .   s - +0 buckler
rNeg     . . .     Faith    .   P - +0 scale mail
rPois    .         Spirit   .   c - +0 helmet
rElec    .         Reflect  .   I - scarf {rC+ rF+}
rCorr    .         Harm     .   k - +0 pair of gloves
MR       .....     Clarity  +   (no boots)
Stlth    +++.......             r - amulet of regeneration
HPRegen  0.64/turn              T - ring of magical power
MPRegen  0.22/turn              v - ring of wizardry

@: confusing touch, very slow
A: distributed training, fangs 1, clarity, high mp 1, strong nose
a: Bend Time, Temporal Distortion, Slouch, Renounce Religion


You were in a bailey.
You worshipped Cheibriados.
Cheibriados was greatly pleased with you.
You were not hungry.

You visited 2 branches of the dungeon, and saw 11 of its levels.
You also visited: Bailey.

You collected 391 gold pieces.

Inventory:

Hand Weapons
 a - a +0 war axe (weapon)
 i - a +0 hunting sling
 w - a +0 blowgun {@w1}
 B - the +2 dagger of Victory {drain, rF- Str+3 Int+6}
   (You found it on level 5 of the Dungeon)

   A truly terrible weapon, it drains the life of those it strikes.
   It affects your strength (+3).
   It affects your intelligence (+6).
   It makes you vulnerable to fire.
 J - a +1 dagger of venom
Missiles
 n - 36 poisoned needles
 D - 209 bolts
 H - 78 arrows
 K - 2 curare-tipped needles
 W - 43 sling bullets
 Y - 346 stones {@Q3}
 Z - 3 throwing nets (quivered) {!d , @Q1}
Armour
 c - a +0 helmet (worn)
 k - a +0 pair of gloves (worn)
 s - a +0 buckler (worn)
 t - a +1 robe
 C - a +0 plate armour
 F - a scarf of spirit shield
 I - a scarf of resistance (worn)
 P - a +0 scale mail (worn)
 R - +0 steam dragon scales
 S - a +0 chain mail
Magical Staves
 m - an uncursed staff of power {!a}
Jewellery
 r - an amulet of regeneration (around neck)
 v - a ring of wizardry (right hand)
 x - an uncursed ring of stealth
 T - a ring of magical power (left hand)
Wands
 u - a wand of flame (17) {@v6}
 Q - a wand of digging (2) {@v1}
Scrolls
 p - a scroll of acquirement {unknown}
 y - a scroll of immolation {unknown}
 E - 5 scrolls of enchant armour
 M - a scroll of magic mapping
 O - 2 scrolls of fog
 U - a scroll of enchant weapon
 X - 2 scrolls of remove curse {@r3}
Potions
 q - 2 potions of magic
 z - a potion of ambrosia
 G - 3 potions of cancellation
 L - a potion of flight
 N - 2 potions of brilliance
 V - a potion of curing {@q1}
Comestibles
 e - 15 rations
 A - 8 chunks of flesh


   Skills:
 + Level 7.6 Fighting
 + Level 6.0 Short Blades
 + Level 6.0 Long Blades
 + Level 9.0 Axes
 + Level 6.0 Maces & Flails
 + Level 6.0 Polearms
 + Level 6.0 Staves
 + Level 6.0 Slings
 + Level 6.0 Bows
 + Level 6.0 Crossbows
 + Level 7.6 Throwing
 + Level 6.0 Armour
 + Level 9.0 Dodging
 + Level 6.0 Stealth
 + Level 6.0 Shields
 + Level 6.0 Unarmed Combat
 + Level 6.0 Spellcasting
 + Level 5.0 Conjurations
 + Level 5.0 Hexes
 + Level 5.0 Charms
 + Level 5.0 Summonings
 + Level 5.0 Necromancy
 + Level 5.0 Translocations
 + Level 5.0 Transmutations
 + Level 5.0 Fire Magic
 + Level 5.0 Ice Magic
 + Level 5.0 Air Magic
 + Level 5.0 Earth Magic
 + Level 5.0 Poison Magic
 + Level 6.6 Invocations
 + Level 6.0 Evocations


You had 9 spell levels left.
You knew the following spells:

 Your Spells              Type           Power        Failure   Level  Hunger
a - Confusing Touch       Hex            ####..       1%          1    None
b - Olgreb's Toxic Radia  Pois           ####....     9%          4    ###....
d - Blink                 Tloc           N/A          1%          2    None
j - Conjure Flame         Conj/Fire      ####....     2%          3    #......
m - Mephitic Cloud        Conj/Pois/Air  ####....     2%          3    #......

Your spell library contained the following spells:

 Spells                   Type           Power        Failure   Level  Hunger
 Magic Dart               Conj           ####         1%          1    None
 Sting                    Conj/Pois      ####         1%          1    None
 Call Imp                 Summ           ####....     1%          2    None
 Poisonous Vapours        Pois/Air       ####..       1%          2    None
 Slow                     Hex            ####....     1%          2    None
 Confuse                  Hex            ####....     2%          3    #......
 Gell's Gravitas          Tloc           ####......   2%          3    #......
 Petrify                  Tmut/Erth      ####....     9%          4    ###....
 Metabolic Englaciation   Hex/Ice        ####......   26%         5    #####..
 Venom Bolt               Conj/Pois      ####......   26%         5    #####..
 Yara's Violent Unravell  Hex/Tmut       ####......   26%         5    #####..


Dungeon Overview and Level Annotations

Branches:
Dungeon (10/15)            Temple (1/1) D:5            Lair (0/6) D:9
    Orc: D:9-12

Altars:
Ashenzari
Cheibriados
Dithmenos
Elyvilon
Fedhas
Gozag
Hepliaklqana
Kikubaaqudgha
Makhleb
Nemelex Xobeh
Okawaru
Qazlal
Ru
Sif Muna
Trog
Uskayaw
Vehumet
Wu Jian
Xom
Yredelemnul
The Shining One

Shops:
D:6 (   D:8 *}}[


Innate Abilities, Weirdness & Mutations

Your experience applies equally to all skills.
You have very sharp teeth.
Your uncanny sense of smell can sniff out nearby items.
You possess an exceptional clarity of mind.
You have an increased reservoir of magic. (+10% MP)


Message History

The orc knight is lightly wounded.
You block the orc warrior's attack.
The orc warrior hits you but does no damage.
The orc warrior hits you with a trident!
The orc knight hits you with a glaive!
* * * LOW HITPOINT WARNING * * *
You take 14 damage, and have 36/85 hp.
You hit the orc knight but do no damage.
The orc knight appears confused.
The orc knight is lightly wounded.
The orc warrior hits you from afar with a spear.
* * * LOW HITPOINT WARNING * * *
You block the orc warrior's attack. The orc warrior misses you.
You take 1 damage, and have 35/85 hp.
You catch the helpless orc knight completely off-guard!
You punch the orc knight!
The orc knight is moderately wounded.
The orc warrior hits you from afar with a spear.
* * * LOW HITPOINT WARNING * * *
You block the orc warrior's attack. The orc warrior misses you.
You take 1 damage, and have 34/85 hp.
You punch the orc knight!
The orc knight is heavily wounded.
The orc warrior barely misses you. The orc warrior completely misses you.
Unknown command.
You punch the orc knight!
You bite the orc knight, but do no damage.
The orc knight is severely wounded.
You block the orc warrior's attack. The orc knight closely misses you.
The orc warrior barely misses you.
Unknown command.
You catch the helpless orc knight completely off-guard!
You hit the orc knight but do no damage.
The orc knight is severely wounded.
You block the orc warrior's attack. The orc warrior misses you.
The orc knight completely misses the orc warrior.
You block the orc warrior's attack.
Unknown command.
You hit the orc knight.
The orc knight is severely wounded.
The orc knight seems less confused.
The orc warrior hits you from afar with a trident!
* * * LOW HITPOINT WARNING * * *
The orc warrior completely misses you. You block the orc warrior's attack.
You take 12 damage, and have 24/85 hp.
You closely miss the orc knight.
The orc knight is severely wounded.
The orc knight roars a battlecry!
The orc warriors go into a battle-frenzy!
The orc warrior hits you but does no damage.
You block the orc warrior's attack.
Unknown command.
Casting: Confusing Touch (safe; 1% risk of failure)
Confirm with . or Enter, or press ? or * to list all spells.
Your hands begin to glow red.
You kill the orc warrior!
Cheibriados appreciates the change of pace.
The orc warrior closely misses you. The orc knight hits you with a glaive!
* * * LOW HITPOINT WARNING * * *
The orc warrior closely misses you.
You take 15 damage, and have 10/85 hp.
You now have 24/31 mp.
You hit the orc knight but do no damage.
The orc knight is severely wounded.
You block the orc warrior's attack. The orc knight closely misses you.
Unknown command.
Okay, then.
Okay, then.
Okay, then.
a - a +0 war axe (weapon)
The orc warrior completely misses you. You block the orc warrior's attack.
Unknown command.
You closely miss the orc knight. Your bite misses the orc knight.
The orc knight is severely wounded.
The orc knight barely misses you. The orc warrior closely misses you. x2
Unknown command.
You closely miss the orc knight.
The orc knight is severely wounded.
The orc warrior misses you. You block the orc warrior's attack.
The orc knight closely misses you.
Unknown command.
You hit the orc knight. You bite the orc knight.
The orc knight is severely wounded.
You block the orc warrior's attack. x2; You block the orc knight's attack.
Unknown command.
You hit the orc knight but do no damage.
The orc knight is severely wounded.
The orc warrior completely misses you. You block the orc warrior's attack.
Unknown command.
You hit the orc knight. You bite the orc knight.
The orc knight is severely wounded.
The orc knight misses you.
The orc warrior hits you from afar with a spear.
* * * LOW HITPOINT WARNING * * *
You block the orc warrior's attack.
You take 5 damage, and have 8/85 hp.
You barely miss the orc knight.
The orc knight is severely wounded.
The orc warrior looks more healthy.
The orc warrior hits you from afar with a spear!
You die...

..≈██.██≈...............≈██)██≈..
..≈).^..≈...............≈).^..≈..
..≈██.∩█≈...............≈█∩.██≈..
..≈≈█.█≈≈....███████....≈≈█.█≈≈..
...≈≈≈≈≈....██....██.....≈≈≈≈≈...
.......))..██.....██.............
..........██..█∆∆∆██.............
..........█..██∩.∩██..██.........
....)....██.████@████.██.........
.........██.∆)█).o█"∆.██.........
.........██.███o8o███.██.........
.........██.∆)█:.[█)∆.██.........
.........██.█████████.██.........
..........█..██)█)██..█..........
..........██..█∆█∆█..██..........
...........██.......██...........
...≈≈≈≈≈....█████████....≈≈≈≈≈...


You could see an orc knight and 2 orc warriors.

Vanquished Creatures
  A two-headed ogre (D:8)
  An unseen horror (D:10)
  A gargoyle (D:8)
  2 hippogriffs (D:9)
  A vampire (D:9)
  2 wyverns
  10 yaks
  Eustachio (D:5)
  A steam dragon (D:9)
  A hungry ghost (D:8)
  A phantom (D:5)
  An ogre (D:6)
  9 orc warriors (Bailey)
  A necrophage (D:8)
  2 centaurs
  3 crocodiles (D:9)
  A big kobold (D:8)
  5 bullfrogs
  3 scorpions
  A water moccasin skeleton (D:9)
  4 killer bees (D:9)
  3 wights (D:7)
  3 howler monkeys
  A bullfrog zombie (D:8)
  4 crimson imps
  An orc priest (D:8)
  5 hounds
  2 quasits
  4 jellies (D:9)
  7 orc wizards
  A bullfrog skeleton (D:4)
  A centaur skeleton (D:9)
  Jessica (D:3)
  An iguana (D:7)
  5 worker ants
  A killer bee zombie (D:9)
  3 hound skeletons
  2 worker ant zombies (D:7)
  Robin (D:2)
  6 adders
  An adder zombie (D:7)
  6 oozes
  An adder skeleton (D:5)
  2 worms
  3 dart slugs
  4 leopard geckos
  27 orcs
  3 ball pythons
  A bat (D:3)
  3 giant cockroaches
  9 hobgoblins
  18 jackals
  12 kobolds
  3 quokkas
  7 frilled lizards
  A giant cockroach zombie (D:4)
  15 goblins
  A leopard gecko skeleton (D:4)
  4 rats
225 creatures vanquished.

Vanquished Creatures (others)
  A two-headed ogre (D:9)
  Blork the orc (D:6)
2 creatures vanquished.

Grand Total: 227 creatures vanquished

Notes
Turn   | Place    | Note
-------+----------+-------------------------------------------
     0 | D:1      | Goblin1989 the Gnoll Gladiator began the quest for the Orb.
     0 | D:1      | Reached XP level 1. HP: 20/20 MP: 1/1
   276 | D:1      | Reached XP level 2. HP: 26/26 MP: 2/2
   584 | D:1      | Reached XP level 3. HP: 26/31 MP: 3/3
  1043 | D:2      | Reached skill level 1 in Invocations
  1317 | D:2      | Reached skill level 1 in Short Blades
  1317 | D:2      | Reached skill level 1 in Long Blades
  1317 | D:2      | Reached skill level 1 in Maces & Flails
  1317 | D:2      | Reached skill level 1 in Polearms
  1317 | D:2      | Reached skill level 1 in Staves
  1317 | D:2      | Reached skill level 1 in Slings
  1317 | D:2      | Reached skill level 1 in Bows
  1317 | D:2      | Reached skill level 1 in Crossbows
  1317 | D:2      | Reached skill level 1 in Armour
  1317 | D:2      | Reached skill level 1 in Stealth
  1317 | D:2      | Reached skill level 1 in Shields
  1317 | D:2      | Reached skill level 1 in Unarmed Combat
  1317 | D:2      | Reached skill level 1 in Spellcasting
  1317 | D:2      | Reached skill level 1 in Evocations
  1317 | D:2      | Reached XP level 4. HP: 38/38 MP: 5/5
  1361 | D:2      | Noticed Robin
  1396 | D:2      | Killed Robin
  1397 | D:2      | Reached skill level 1 in Conjurations
  1397 | D:2      | Reached skill level 1 in Hexes
  1397 | D:2      | Reached skill level 1 in Charms
  1397 | D:2      | Reached skill level 1 in Summonings
  1397 | D:2      | Reached skill level 1 in Necromancy
  1397 | D:2      | Reached skill level 1 in Translocations
  1397 | D:2      | Reached skill level 1 in Transmutations
  1397 | D:2      | Reached skill level 1 in Fire Magic
  1397 | D:2      | Reached skill level 1 in Ice Magic
  1397 | D:2      | Reached skill level 1 in Air Magic
  1397 | D:2      | Reached skill level 1 in Earth Magic
  1397 | D:2      | Reached skill level 1 in Poison Magic
  1614 | D:2      | Found a sparkling altar of Nemelex Xobeh.
  2005 | D:3      | Noticed Jessica
  2007 | D:3      | Found a glowing golden altar of the Shining One.
  2010 | D:3      | Killed Jessica
  2010 | D:3      | Reached XP level 5. HP: 43/43 MP: 6/6
  2141 | D:3      | Found a faded altar of an unknown god.
  2433 | D:3      | Reached XP level 6. HP: 43/50 MP: 8/8
  2981 | D:4      | Found a burning altar of Makhleb.
  3248 | D:4      | Reached skill level 5 in Fighting
  3248 | D:4      | Reached skill level 5 in Throwing
  3886 | D:4      | Reached XP level 7. HP: 32/56 MP: 10/10
  4499 | D:5      | Entered Level 5 of the Dungeon
  4534 | D:5      | Got a steaming dagger
  4559 | D:5      | Identified the +2 dagger of Victory {drain, rF- Str+3
                  | Int+6} (You found it on level 5 of the Dungeon)
  4631 | D:5      | Noticed Eustachio
  4648 | D:5      | Killed Eustachio
  5148 | D:5      | Found a radiant altar of Vehumet.
  5190 | D:5      | Found a staircase to the Ecumenical Temple.
  5199 | Temple   | Entered the Ecumenical Temple
  5265 | Temple   | Became a worshipper of Cheibriados the Contemplative
  5321 | D:5      | Reached XP level 8. HP: 63/63 MP: 12/12
  5632 | D:6      | Learned a level 2 spell: Blink
  5716 | D:6      | Noticed Blork the orc
  5732 | D:6      | Killed Blork the orc
  5959 | D:6      | Found Zead's Antique Weapon Shop.
  6310 | D:7      | Found an opulent altar of Gozag.
  6434 | D:7      | Reached * piety under Cheibriados
  7195 | D:8      | Found Jogeitia's Gadget Boutique.
  7278 | D:8      | Noticed a gargoyle
  7287 | D:8      | Killed a gargoyle
  7287 | D:8      | Reached XP level 9. HP: 67/69 MP: 14/14
  7333 | D:8      | Found Umideph's Gadget Shoppe.
  7334 | D:8      | Found Bigruh's Assorted Antiques.
  7535 | D:8      | Found a sacrificial altar of Ru.
  7535 | D:8      | Found a burning altar of Makhleb.
  7540 | D:8      | Found a bloodstained altar of Trog.
  7542 | D:8      | Found a hide-covered altar of Uskayaw.
  7543 | D:8      | Found a white marble altar of Elyvilon.
  7653 | D:8      | Found Wuenteop's Armour Emporium.
  7686 | D:8      | Noticed a two-headed ogre
  7702 | D:8      | Killed a two-headed ogre
  7702 | D:8      | Reached ** piety under Cheibriados
  7938 | D:8      | Reached skill level 5 in Invocations
  8008 | D:8      | Learned a level 3 spell: Conjure Flame
  8012 | D:8      | Learned a level 3 spell: Mephitic Cloud
  8290 | D:9      | Gained mutation: You possess an exceptional clarity of
                  | mind. [potion of mutation]
  8290 | D:9      | Gained mutation: You have an increased reservoir of magic.
                  | (+10% MP) [potion of mutation]
  8303 | D:9      | Reached XP level 10. HP: 39/77 MP: 18/18
  8318 | D:9      | HP: 3/77 [yak (11)]
  8343 | D:9      | Reached skill level 5 in Short Blades
  8343 | D:9      | Reached skill level 5 in Long Blades
  8343 | D:9      | Reached skill level 5 in Maces & Flails
  8343 | D:9      | Reached skill level 5 in Polearms
  8343 | D:9      | Reached skill level 5 in Staves
  8343 | D:9      | Reached skill level 5 in Slings
  8343 | D:9      | Reached skill level 5 in Bows
  8343 | D:9      | Reached skill level 5 in Crossbows
  8343 | D:9      | Reached skill level 5 in Armour
  8343 | D:9      | Reached skill level 5 in Stealth
  8343 | D:9      | Reached skill level 5 in Shields
  8343 | D:9      | Reached skill level 5 in Unarmed Combat
  8343 | D:9      | Reached skill level 5 in Spellcasting
  8343 | D:9      | Reached skill level 5 in Evocations
  8601 | D:9      | Learned a level 1 spell: Confusing Touch
  8914 | D:9      | Reached *** piety under Cheibriados
  9098 | D:9      | Found a blossoming altar of Fedhas.
  9111 | D:9      | Found an ancient bone altar of Kikubaaqudgha.
  9201 | D:9      | Noticed a two-headed ogre
  9249 | D:9      | Killed a two-headed ogre
  9357 | D:9      | Found a staircase to the Lair.
  9454 | D:9      | Found a basalt altar of Yredelemnul.
  9476 | D:9      | Found a deep blue altar of Sif Muna.
  9653 | D:9      | Goblin1989: !lg yermak -log
  9653 | D:9      | XtahuaRules: 3978. Yermak, XL11 OpCK, T:21723:
                  | https://underhound.eu/crawl/morgue/Yermak/morgue-Yermak-201
                  | 81210-065223.txt
  9693 | D:10     | Entered Level 10 of the Dungeon
  9720 | D:10     | Reached XP level 11. HP: 84/84 MP: 21/21
  9755 | D:10     | Killed an unseen horror
  9787 | D:10     | Found a flagged portal.
  9804 | D:10     | Found a blossoming altar of Fedhas.
  9821 | D:10     | Learned a level 4 spell: Olgreb's Toxic Radiance
  9822 | Bailey   | Entered a bailey
 10017 | Bailey   | Reached **** piety under Cheibriados
 10271 | Bailey   | Reached skill level 5 in Conjurations
 10271 | Bailey   | Reached skill level 5 in Hexes
 10271 | Bailey   | Reached skill level 5 in Charms
 10271 | Bailey   | Reached skill level 5 in Summonings
 10271 | Bailey   | Reached skill level 5 in Necromancy
 10271 | Bailey   | Reached skill level 5 in Translocations
 10271 | Bailey   | Reached skill level 5 in Transmutations
 10271 | Bailey   | Reached skill level 5 in Fire Magic
 10271 | Bailey   | Reached skill level 5 in Ice Magic
 10271 | Bailey   | Reached skill level 5 in Air Magic
 10271 | Bailey   | Reached skill level 5 in Earth Magic
 10271 | Bailey   | Reached skill level 5 in Poison Magic
 10337 | Bailey   | Noticed an orc knight
 10360 | Bailey   | Mangled by an orc warrior

Skill      XL: |  1  2  3  4  5  6  7  8  9 10 11 |
---------------+----------------------------------+-----
Invocations    | 1 2 3 4 5 6 |  6.6
Short Blades   | 1 2 3 4 5 6 |  6.0
Long Blades    | 1 2 3 4 5 6 |  6.0
Maces & Flails | 1 2 3 4 5 6 |  6.0
Polearms       | 1 2 3 4 5 6 |  6.0
Staves         | 1 2 3 4 5 6 |  6.0
Slings         | 1 2 3 4 5 6 |  6.0
Bows           | 1 2 3 4 5 6 |  6.0
Crossbows      | 1 2 3 4 5 6 |  6.0
Armour         | 1 2 3 4 5 6 |  6.0
Stealth        | 1 2 3 4 5 6 |  6.0
Shields        | 1 2 3 4 5 6 |  6.0
Unarmed Combat | 1 2 3 4 5 6 |  6.0
Spellcasting   | 1 2 3 4 5 6 |  6.0
Evocations     | 1 2 3 4 5 6 |  6.0
Conjurations   | 1 2 3 4 5 |  5.0
Hexes          | 1 2 3 4 5 |  5.0
Charms         | 1 2 3 4 5 |  5.0
Summonings     | 1 2 3 4 5 |  5.0
Necromancy     | 1 2 3 4 5 |  5.0
Translocations | 1 2 3 4 5 |  5.0
Transmutations | 1 2 3 4 5 |  5.0
Fire Magic     | 1 2 3 4 5 |  5.0
Ice Magic      | 1 2 3 4 5 |  5.0
Air Magic      | 1 2 3 4 5 |  5.0
Earth Magic    | 1 2 3 4 5 |  5.0
Poison Magic   | 1 2 3 4 5 |  5.0
Fighting       | 5 6 7 |  7.6
Throwing       | 5 6 7 |  7.6
Axes           | 7 8 9 |  9.0
Dodging        | 7 8 9 |  9.0

Action                   |  1- 3 |  4- 6 |  7- 9 | 10-12 || total
-------------------------+-------+-------+-------+-------++-------
Melee: War axe           |    75 |   171 |   334 |   250 ||   830
       Bite              |    13 |    28 |    48 |    63 ||   152
       Punch             |       |     4 |     4 |       ||     8
       Dagger            |       |       |    10 |       ||    10
       Unarmed           |       |       |       |    15 ||    15
 Fire: Blowgun           |       |       |     2 |     1 ||     3
       Hunting sling     |       |       |       |    25 ||    25
 Cast: Conjure Flame     |       |       |       |    12 ||    12
       Mephitic Cloud    |       |       |       |     3 ||     3
       Blink             |       |       |       |     1 ||     1
       Olgreb's Toxic Ra |       |       |       |    13 ||    13
       Confusing Touch   |       |       |       |     4 ||     4
Invok: Bend Time         |       |       |       |     1 ||     1
  Use: Potion            |       |     2 |     7 |     4 ||    13
       Scroll            |       |       |       |     9 ||     9
 Stab: Sleeping          |     4 |     4 |     5 |    10 ||    23
       Distracted        |       |       |     2 |       ||     2
       Confused          |       |       |       |     2 ||     2
  Eat: Chunk             |     1 |     5 |    14 |     5 ||    25
       Ration            |       |     1 |     6 |       ||     7
Armor: Leather armour    |     9 |    32 |     7 |       ||    48
       Scale mail        |       |       |    85 |    79 ||   164
Dodge: Dodged            |    57 |   137 |   249 |   243 ||   686
Block: Buckler           |       |       |    47 |   115 ||   162

Vault maps used:
D:1:      minmay_arrival_doors
D:2:      nemelex_dance_club_becter, uniq_robin
D:3:      overflow_temple_1_default, first_ration,
          chequers_ecumenical_altar_simple, uniq_jessica
D:4:      lemuel_tele_altar, uniq_crazy_yiuf_cottage
D:5:      minmay_temple_entry_glassed_door, basic_altar, uniq_eustachio
D:6:      serial_shops, kennysheep_mini_moat, uniq_blork_the_orc
D:7:      grunt_gozag_breadcrumbs
D:8:      chequers_temple_overflow_minitemple, serial_shops, shop,
          nicolae_shop_trees, shop, shop
D:9:      nicolae_overflow_quartered_altars, erik_lair_dragon,
          hangedman_little_slice_of_home
D:10:     special_room, basic_altar, enter_bailey_3
Temple:   jpeg_temple_clearing
Bailey:   bailey_polearm_2, bailey
